 Dungeon Crawl Stone Soup version 0.31-a0-920-g28cbb04a8c (webtiles) character file.

Game seed: 17405714848786040020

112 gelatine the Changeling (level 4, -5/33 HPs)
             Began as a Demonspawn Shapeshifter on Oct 18, 2023.
             Slain by an iguana (6 damage)
             ... on level 4 of the Dungeon.
             The game lasted 00:06:24 (2493 turns).

gelatine the Changeling (Demonspawn Shapeshifter)   Turns: 2493, Time: 00:06:25

Health: -5/33      AC:  5    Str: 17    XL:     4   Next: 63%
Magic:  4/4        EV: 11    Int: 11    God:
Gold:   156        SH:  5    Dex: 14    Spells: 3/3 levels left

rFire   + . .        o - +6 mace "Giantslayer" {venom, rN+ Will+ Dex+2}
rCold   . . .        (no shield)
rNeg    + . .        t - +0 ring mail {rF+}
rPois   .            (helmet currently unavailable)
rElec   .            (cloak currently unavailable)
rCorr   .            (gloves currently unavailable)
SInv    .            (boots currently unavailable)
Will    +....        v - amulet of reflection
Stlth   +            (no ring)
HPRegen 0.25/turn    (no ring)
MPRegen 0.09/turn

%: reflection
@: beast-form
A: beast (slay +2), hooves 1, demonic magic 1
a: Begin Untransformation


You were on level 4 of the Dungeon.
You were a hulking beast.
You visited 1 branch of the dungeon, and saw 4 of its levels.

You collected 156 gold pieces.

Inventory:

Hand Weapons
 e - a +0 hand axe
 o - the +6 mace "Giantslayer" (weapon) {venom, rN+ Will+ Dex+2}
   (You found it on level 2 of the Dungeon)

   Dex+2:     It affects your dexterity (+2).
   rN+:       It protects you from negative energy.
   Will+:     It increases your willpower.
Missiles
 m - a throwing net
 s - 3 curare-tipped darts
Armour
 a - a +0 animal skin
 p - a +0 helmet
 r - a +0 pair of gloves
 t - a +0 ring mail of fire resistance (worn)
Jewellery
 n - a ring of ice
 v - an amulet of reflection (around neck)
Talismans
 c - a beast talisman (active)
 d - a flux talisman
Scrolls
 h - a scroll of identify {unknown}
 i - a scroll of vulnerability {unknown}
 j - 2 scrolls of enchant armour {unknown}
 k - 4 scrolls of poison {unknown}
 q - 2 scrolls of amnesia {unknown}
 u - a scroll of butterflies {unknown}
Potions
 b - a potion of lignification
 f - a potion of magic {unknown}
 g - a potion of berserk rage {unknown}
 l - a potion of might {unknown}


   Skills:
 * Level 1.8 Fighting
 + Level 0.9 Maces & Flails
 * Level 2.4 Dodging
 * Level 0.9 Stealth
 + Level 3.1 Unarmed Combat
 * Level 3.5 Shapeshifting


You had 3 spell levels left.
You didn't know any spells.
Your spell library contained the following spells:

 Spells                   Type           Power      Damage    Failure   Level
 Sting                    Tmut/Pois      0%         1d3       54%         1
 Poisonous Vapours        Pois/Air       0%         N/A       69%         2
 Alistair's Intoxication  Tmut/Pois      0%         N/A       100%        5
 Eringya's Noxious Bog    Tmut/Pois      0%         4d6       100%        6


Dungeon Overview and Level Annotations

Branches:
Dungeon (4/15)
 Temple: D:4-7

Altars:
Nemelex Xobeh

Shops:
D:2 *=[


Innate Abilities, Weirdness & Mutations

You are a hulking beast.
Your limbs bulge with bestial killing power. (Slay +2)
You have large cloven feet.
Spells you cast may paralyse adjacent enemies.


Message History

An orc comes into view. It is wielding a +0 flail.
Found a ring mail.
The orc hits you with a +0 flail.
You closely miss the orc. You kick the orc.
The orc is severely wounded.
The orc barely misses you.
You hit the orc.
You kill the orc!
j - 2 scrolls labelled SITAIHUTIY (gained 1)
You now have 156 gold pieces (gained 19).
Found a stone staircase leading down.
A ball python comes into view.
The ball python hisses angrily.
Found a stone staircase leading down.
The ball python closely misses you. The ball python grabs you.
The ball python constricts you.
You sock the ball python!
You kill the ball python!
You open the door.
There is an open door here.
Found a stone staircase leading up.
You open the door.
An iguana comes into view.
The iguana hisses angrily.
Found a sparkling altar of Nemelex Xobeh.
Found a scroll labelled QED XEURROWIUM.
The iguana bites you.
There is an open door here.
You sock the iguana!
The iguana is poisoned.
Your kick misses the iguana.
The iguana is heavily wounded.
The iguana bites you!
You closely miss the iguana. Your kick misses the iguana.
The iguana is severely wounded.
The iguana bites you! The iguana closely misses you.
You closely miss the iguana. You kick the iguana.
The iguana is almost dead.
The iguana bites you!
* * * LOW HITPOINT WARNING * * *
You barely miss the iguana. You kick the iguana, but do no damage.
The iguana is almost dead.
The iguana bites you.
You die...

###################
#....#.............
#..................
#<....#............
#....###...........
+...# #h#..........
#..# #l###......##
#..# #._ ##.....#
#....###? ##......#
#.....#####.......#
....###........#
#..#.........#
+....#.......#
#....#.......#


You could see an iguana (very poisoned).

Vanquished Creatures
  2 adders
  3 worms
  A dart slug (D:3)
  12 orcs
  6 bats
  11 endoplasms
  2 giant cockroaches
  6 goblins
  4 hobgoblins
  4 kobolds
  A quokka (D:3)
  6 ball pythons
  8 rats
66 creatures vanquished.

Notes
Turn   | Place    | Note
-------+----------+-------------------------------------------
     0 | D:1      | gelatine the Demonspawn Shapeshifter began the quest for
                  | the Orb.
     0 | D:1      | Reached XP level 1. HP: 15/15 MP: 1/1
    23 | D:1      | Got Afehab Yxzoa's Cyclopedia of Pollution
   111 | D:1      | Gained mutation: You have large cloven feet. [demonic
                  | ancestry]
   111 | D:1      | Reached XP level 2. HP: 21/21 MP: 2/2
   121 | D:1      | Found a faded altar of an unknown god.
   744 | D:2      | Found Berumaaso's Jewellery Shoppe.
   766 | D:2      | Found Legiu's Distillery.
   816 | D:2      | Found Niblumnu's Armour Boutique.
   982 | D:2      | Identified the +6 mace "Giantslayer" {venom, rN+ Will+
                  | Dex+2}
  1172 | D:2      | Gained mutation: Spells you cast may paralyse adjacent
                  | enemies. [demonic ancestry]
  1172 | D:2      | Reached XP level 3. HP: 26/26 MP: 3/3
  1361 | D:2      | Found Exkuxe's General Store.
  1777 | D:3      | Reached XP level 4. HP: 26/33 MP: 4/4
  2488 | D:4      | Found a sparkling altar of Nemelex Xobeh.
  2492 | D:4      | HP: 1/33 [iguana (11)]
  2493 | D:4      | Slain by an iguana

Illustrated notes

Levels and vault maps discovered:
D:1:      minmay_arrival_five_plusses, layout_loops_ring,
          hellmonk_ecumenical_altar_defaced_shrine
D:2:      layout_basic, serial_shops, shop, shop, nicolae_shop_tiny_glass,
          nicolae_shop_industrial_runoff
D:3:      layout_basic, minmay_starry_boxes
D:4:      layout_gridville, nemelex_diamond_rough_becter, lemuel_doored_altar,
          minmay_shop_mass, minmay_crossroads, uniq_edmund

Skill      XL: |  1  2  3 |
---------------+----------+-----
Shapeshifting  | 3 |  3.5
Dodging        | 2 |  2.4
Unarmed Combat | 3 |  3.1
Fighting       | |  1.8
Maces & Flails | |  0.9
Stealth        | |  0.9

Action                     |  1- 3 |  4- 6 || total
---------------------------+-------+-------++-------
  Melee: Unarmed           |    57 |       ||    57
         Kick              |    13 |    10 ||    23
         Punch             |     3 |       ||     3
         Mace              |    34 |    40 ||    74
   Stab: Sleeping          |     5 |       ||     5
         Distracted        |     1 |       ||     1
 Armour: Animal skin       |    38 |    14 ||    52
         Ring mail         |       |    16 ||    16
  Dodge: Dodged            |    53 |    27 ||    80
  Block: Other             |       |     3 ||     3

Table legend: (Time is in decaauts)
 A = Elapsed time spent in this place.
 B = Non-inter-level travel time spent in this place.
 C = Inter-level travel time spent in this place.
 D = Time resting spent in this place.
 E = Time spent auto-exploring this place.
 F = Levels seen in this place.
 G = Mean time per level.
                   A        B        C        D        E       F      G
               +--------+--------+--------+--------+--------+-----+--------+
         Total |   2515 |   2504 |     11 |      0 |   2016 |   4 |  628.8 |
       Dungeon |   2515 |   2504 |     11 |      0 |   2016 |   4 |  628.8 |
               +--------+--------+--------+--------+--------+-----+--------+

Top non-repeatable levels by time:
     D:3: 883 daAuts
     D:2: 741 daAuts
     D:1: 730 daAuts
     D:4: 160 daAuts
